 Dungeon Crawl Stone Soup version 0.31-a0-965-g8a8ce12e04 (webtiles) character file.

Game seed: 17652044089380337675

1708 Turgor the Changeling (level 8, -4/69 HPs)
             Began as a Purple Draconian Shapeshifter on Oct 26, 2023.
             Was an Initiate of Ru.
             Slain by a killer bee (6 damage)
             ... on level 8 of the Dungeon.
             The game lasted 00:18:45 (6625 turns).

Turgor the Changeling (DrSh)                        Turns: 6625, Time: 00:18:46

Health: -4/69      AC:  9    Str: 16    XL:     8   Next: 73%
Magic:  8/8        EV: 13    Int: 11    God:    Ru [......]
Gold:   168        SH:  0    Dex: 13    Spells: 7/7 levels left

rFire   + . .        n - melded +6 hand axe of Fosa Qask {venom, +Blink rCorr}
rCold   + . .        (shield currently unavailable)
rNeg    . . .        (body armour unavailable)
rPois   +            (helmet restricted)
rElec   +            w - +1 cloak
rCorr   +            E - +0 pair of gloves of Happy Babbling {Rampage +Inv Will++ rCorr}
SInv    .            (no boots)
Will    +++..        (no amulet)
Stlth   +            (no ring)
HPRegen 0.31/turn    (no ring)
MPRegen 0.11/turn

%: rampage
@: lethally poisoned (-4 -> -9), flux-form, resistant, glowing
A: glow, contaminating, breathe power, AC +6, unfitting armour, cold-blooded
a: Breathe Dispelling Energy, Begin Untransformation, Renounce Religion, Evoke
Invisibility


You were on level 8 of the Dungeon.
You worshipped Ru.
Ru was noncommittal.
You were something dangerously unstable.
You visited 2 branches of the dungeon, and saw 9 of its levels.

You collected 421 gold pieces.
You spent 253 gold pieces at shops.

Inventory:

Hand Weapons
 n - the +6 hand axe of Fosa Qask (melded) {venom, +Blink rCorr}
   (You found it on level 3 of the Dungeon)

   +Blink:    It lets you blink.
   rCorr:     It protects you from acid and corrosion.
Missiles
 g - 12 poisoned darts (quivered)
 B - 3 curare-tipped darts
 D - a throwing net
Armour
 i - a scarf of resistance
 s - an orb of energy
 w - a +1 cloak (worn)
 A - a +1 pair of gloves of infusion
 E - the +0 pair of gloves of Happy Babbling (worn) {Rampage +Inv Will++ rCorr}
   (You found it on level 6 of the Dungeon)

   Will++:    It greatly increases your willpower.
   +Inv:      It lets you turn invisible.
   rCorr:     It protects you from acid and corrosion.
   Rampage:   It bestows one free step when moving towards enemies.
Magical Staves
 y - a staff of fire
 F - a staff of conjuration
Talismans
 b - a beast talisman
 c - a flux talisman (active)
Scrolls
 d - a scroll of immolation
 e - a scroll of noise {unknown}
 f - a scroll of blinking {unknown}
 k - a scroll of butterflies
 p - a scroll of amnesia
 q - a scroll of enchant armour {unknown}
 r - a scroll of teleportation
 v - a scroll of acquirement {unknown}
 x - 2 scrolls of vulnerability {unknown}
 C - a scroll of fear {unknown}
Potions
 a - a potion of lignification
 j - a potion of enlightenment
 m - 4 potions of brilliance
 u - 2 potions of mutation
 z - a potion of ambrosia
 G - a potion of cancellation
 H - a potion of berserk rage


   Skills:
 + Level 5.4 Fighting
 + Level 4.8 Dodging
 + Level 5.8 Unarmed Combat
 * Level 7.2 Shapeshifting


You had 7 spell levels left.
You didn't know any spells.
Your spell library contained the following spells:

 Spells                   Type           Power      Damage    Failure   Level
 Foxfire                  Conj/Fire      0%         2x1d4     34%         1
 Ignite Poison            Fire/Tmut/Pois 0%         N/A       71%         3
 Tukima's Dance           Hex            0%         N/A       71%         3
 Dimensional Bullseye     Hex/Tloc       0%         N/A       98%         4
 Iskenderun's Mystic Bla  Conj/Tloc      0%         2d3       98%         4
 Sticky Flame             Conj/Fire      0%         2d3       98%         4
 Plasma Beam              Fire/Air       0%         2x1d10    100%        6
 Starburst                Conj/Fire      0%         6d3       100%        6
 Ignition                 Fire           0%         3d3       100%        8


Dungeon Overview and Level Annotations

Branches:
Dungeon (8/15)             Temple (1/1) D:7            Lair (0/5) D:8

Altars:
Ashenzari
Cheibriados
Elyvilon
Fedhas
Gozag
Hepliaklqana
Kikubaaqudgha
Makhleb
Nemelex Xobeh
Okawaru
Qazlal
Ru
Sif Muna
Trog
Uskayaw
Vehumet
Xom
Yredelemnul
Zin
The Shining One

Shops:
D:1 :   D:7 !

Annotations:
D:7 1 runed translucent door, Vorhees's ghost, novice DEHu


Innate Abilities, Weirdness & Mutations

You are something dangerously unstable.
You glow with magical radiation, making you easy to see and hit.
Foes you strike become dangerously contaminated with magical radiation.
You are incapable of wielding weapons or throwing items.
You can breathe bolts of dispelling energy.
Your rich purple scales are hard. (AC +6)
You cannot fit into any form of body armour.
You are cold-blooded and may be slowed by cold attacks.


Message History

You barely miss the killer bee. You tail-slap the killer bee.
The killer bee is severely wounded.
The killer bee closely misses you. x2
The killer bee stings you but does no damage.
The killer bee closely misses you.
You completely miss the killer bee.
The killer bee is severely wounded.
The killer bee misses you. The killer bee closely misses you.
You hit the killer bee.
The killer bee shudders as magic cascades through it.
The killer bee twists and deforms.
The killer bee is almost dead.
The killer bee stings you but does no damage.
The killer bee stings you. The killer bee misses you.
You miss the killer bee. The killer bee stings you.
The killer bee stings you but does no damage.
The killer bee barely misses you.
The killer bee stings you but does no damage.
Unknown command.
You closely miss the killer bee.
The killer bee stings you but does no damage.
The killer bee closely misses you. The killer bee stings you.
The killer bee stings you!
* * * LOW HITPOINT WARNING * * *
You closely miss the killer bee. The killer bee barely misses you.
The killer bee stings you but does no damage.
The killer bee stings you.
* * * LOW HITPOINT WARNING * * *
You closely miss the killer bee. The killer bee barely misses you.
The killer bee stings you!
* * * LOW HITPOINT WARNING * * *
You are lethally poisoned!
The killer bee poisons you! The killer bee stings you.
* * * LOW HITPOINT WARNING * * *
You barely miss the killer bee.
* * * LOW HITPOINT WARNING * * *
You feel sick. The killer bee misses you. The killer bee barely misses you.
The killer bee stings you but does no damage.
The killer bee stings you.
You die...

#.#. #.#.... #......
#.####..##.#
####.......##.# #
.#.>.....##.#..##.###
...y.....##.#.<.....#
#.<.....##y#..##.....
#........yyp.........
#.......#.##..##.....
#.....<.#. #..# #.#
.y....!..#. #.... #
##########. ###.#. ..
.. # #. .## #.


You could see 3 killer bees.

Vanquished Creatures
  Pikel (D:7)
  2 sky beasts
  A centaur (D:5)
  An ogre (D:4)
  A bullfrog (D:6)
  A gnoll sergeant (D:6)
  4 scorpions
  A killer bee (D:8)
  A hound (D:6)
  An orc priest (D:3)
  An iguana (D:4)
  5 orc wizards
  3 gnolls
  11 adders
  2 shadow imps
  3 white imps
  2 worms
  A dart slug (D:1)
  14 orcs
  8 ball pythons
  3 giant cockroaches
  8 goblins
  5 hobgoblins
  6 jackals
  3 quokkas
  5 bats
  3 frilled lizards
  5 kobolds
  2 rats
104 creatures vanquished.

Notes
Turn   | Place    | Note
-------+----------+-------------------------------------------
     0 | D:1      | Turgor the Draconian Shapeshifter began the quest for the
                  | Orb.
     0 | D:1      | Reached XP level 1. HP: 16/16 MP: 1/1
   177 | D:1      | Found Ilauczus's Book Boutique.
   364 | D:1      | Reached XP level 2. HP: 22/23 MP: 2/2
   925 | D:2      | Reached XP level 3. HP: 25/29 MP: 3/3
  1312 | D:2      | Reached XP level 4. HP: 36/36 MP: 4/4
  1558 | D:3      | Identified the +6 hand axe of Fosa Qask {venom, +Blink
                  | rCorr}
  1585 | D:3      | Reached skill level 4 in Shapeshifting
  1591 | D:3      | Reached XP level 5. HP: 30/42 MP: 5/5
  2569 | D:4      | Identified the +1 chain mail "Naoll" {rElec}
  2643 | D:4      | Found a basalt altar of Yredelemnul.
  2724 | D:4      | Noticed an ogre
  2754 | D:4      | Killed an ogre
  2755 | D:4      | Reached XP level 6. HP: 51/51 MP: 6/6
  3010 | D:4      | You fall into a shaft and drop 3 floors!
  3064 | D:7      | Noticed Pikel
  3088 | D:7      | Killed Pikel
  3089 | D:7      | Reached skill level 5 in Shapeshifting
  3089 | D:7      | Your scales start taking on a rich purple colour.
  3089 | D:7      | Reached XP level 7. HP: 28/59 MP: 7/7
  3319 | D:6      | Found a burning altar of Makhleb.
  3366 | D:6      | Reached skill level 5 in Unarmed Combat
  3366 | D:6      | Reached skill level 6 in Shapeshifting
  3424 | D:6      | Reached XP level 8. HP: 61/67 MP: 8/8
  3465 | D:5      | Entered Level 5 of the Dungeon
  4763 | D:6      | Noticed a +0 dagger
  4765 | D:6      | Noticed a +0 hand axe
  4799 | D:6      | Reached skill level 5 in Fighting
  4935 | D:6      | Found a hide-covered altar of Uskayaw.
  4959 | D:6      | Identified the +0 pair of gloves of Happy Babbling {Rampage
                  | +Inv Will++ rCorr}
  5830 | D:7      | Reached skill level 7 in Shapeshifting
  5830 | D:7      | Found a runed translucent door.
  5830 | D:7      | Noticed Vorhees's ghost (novice DEHu)
  5933 | D:7      | Found a staircase to the Ecumenical Temple.
  5939 | Temple   | Entered the Ecumenical Temple
  5954 | Temple   | Became a worshipper of Ru the Awakened
  6159 | D:7      | Found Datacw's Distillery.
  6163 | D:7      | Bought a potion of enlightenment for 55 gold pieces
  6163 | D:7      | Bought a potion of heal wounds for 55 gold pieces
  6163 | D:7      | Bought a potion of cancellation for 88 gold pieces
  6163 | D:7      | Bought a potion of berserk rage for 55 gold pieces
  6535 | D:8      | Found a staircase to the Lair.
  6624 | D:8      | HP: 3/69 [killer bee (2)]
  6625 | D:8      | Slain by a killer bee

Illustrated notes

Levels and vault maps discovered:
D:1:      minmay_arrival_diagonal_passages, layout_loops_corners, serial_shops,
          shop, kennysheep_crisscross
D:2:      layout_loops_ring, nrook_mini_vaults
D:3:      layout_basic
D:4:      layout_basic, mainiacjoe_overflow_six_doors_small
D:5:      layout_basic, minmay_holes
D:6:      layout_layer_cave, mainiacjoe_overflow_surrounded_room,
          dancing_weapons_uskayaw
D:7:      layout_loops_ring, minmay_temple_entry_gardened_gates, serial_shops,
          nicolae_shop_peninsula, hellmonk_ghost_happy_afterlife,
          minmay_misc_feat_hallway, uniq_pikel
D:8:      layout_loops_cross, lair_entry_dummy, hangedman_ranch
Temple:   bh_familiar_temple

Skill      XL: |  1  2  3  4  5  6  7  8 |
---------------+-------------------------+-----
Dodging        | 2 3 4 |  4.8
Fighting       | 2 3 4 5 |  5.4
Shapeshifting  | 4 5 6 7 |  7.2
Unarmed Combat | 4 5 |  5.8

Action                     |  1- 3 |  4- 6 |  7- 9 || total
---------------------------+-------+-------+-------++-------
  Melee: Unarmed           |   104 |     6 |    93 ||   203
         Tailslap          |    12 |     5 |    25 ||    42
         Punch             |     2 |     2 |     2 ||     6
         Hand axe          |       |    79 |    37 ||   116
  Throw: Dart              |       |    11 |       ||    11
    Use: Scroll            |       |     5 |     5 ||    10
         Potion            |       |       |     5 ||     5
   Stab: Sleeping          |       |     1 |       ||     1
 Armour: Skin              |    64 |    35 |   119 ||   218
  Dodge: Dodged            |    64 |    42 |   106 ||   212
   Form: Flux              |       |       |     1 ||     1

Table legend: (Time is in decaauts)
 A = Elapsed time spent in this place.
 B = Non-inter-level travel time spent in this place.
 C = Inter-level travel time spent in this place.
 D = Time resting spent in this place.
 E = Time spent auto-exploring this place.
 F = Levels seen in this place.
 G = Mean time per level.
                   A        B        C        D        E       F      G
               +--------+--------+--------+--------+--------+-----+--------+
         Total |   6644 |   6395 |    249 |    139 |   5155 |   9 |  738.2 |
       Dungeon |   6614 |   6378 |    236 |    139 |   5155 |   8 |  826.8 |
        Temple |     29 |     16 |     13 |      0 |      0 |   1 |   29.0 |
               +--------+--------+--------+--------+--------+-----+--------+

Top non-repeatable levels by time:
     D:6: 1494 daAuts
     D:7: 1008 daAuts
     D:3: 990 daAuts
     D:4: 833 daAuts
     D:1: 832 daAuts
     D:5: 711 daAuts
     D:2: 702 daAuts
     D:8: 40 daAuts
  Temple: 29 daAuts
